[Event "Late-Titled-Tuesday-Blitz-February-06-2024"]
[Site "Chess.com"]
[Date "2024.02.06"]
[Round "6"]
[White "LikeWater"]
[Black "nindjaxx8"]
[Result "1-0"]
[WhiteElo "2783"]
[BlackElo "2567"]
[TimeControl "180+1"]
[EndTime "15:07:29 PST"]
[Termination "LikeWater won on time"]

1. e4 e6 2. d4 d5 3. exd5 exd5 4. Nf3 Nf6 5. h3 Bd6 6. c4 O-O 7. c5 Be7 8. Bd3 b6 9. Be3 bxc5 10. dxc5 c6 11.
Qc2 Ba6 12. O-O Bxd3 13. Qxd3 Nbd7 14. Rc1 Qc7 15. Nbd2 Rfe8 16. b4 a6 17. a4 Bf8 18.
Rab1 Ne4 19. Nb3 g6 20. Bd4 Bg7 21. Bxg7 Kxg7 22. Na5 Kg8 23. Qd4 Re6 24. Qa1 Ndxc5 25. Nd4 Rf6 26. f3 Nd3 27. fxe4 Qg3 28. Nf5 Qf2+ 29.
Kh1 Rxf5 30. exf5 Qxf5 31. Nxc6 Re8 32. Ne7+ Rxe7 33. Rf1 Qe4 34. Qc3 h5 35. Rbd1 Ne5 36.
Qc8+ Kg7 37. Qxa6 Nc4 38. Qf6+ Kh7 39. Rde1 Ne3 40. Rf2 d4 41. Rfe2 Rc7 42. Qf3 Qe6 43. Qf4 Rd7 44. b5 Qc4 45. b6 Qxa4 46. Qf3 Qb5 47. b7 Rxb7 48. Rd2 Rd7 49. Qe2 Qb7 50.
Qf2 Re7 51. Rxd4 1-0

[Event "Late-Titled-Tuesday-Blitz-February-06-2024"]
[Site "Chess.com"]
[Date "2024.02.06"]
[Round "6"]
[White "Cambek64"]
[Black "Chessdude1987"]
[Result "1-0"]
[WhiteElo "2497"]
[BlackElo "2299"]
[TimeControl "180+1"]
[EndTime "15:07:30 PST"]
[Termination "Cambek64 won by resignation"]

1. e4 e6 2. d4 d5 3. Nc3 Nf6 4. e5 Nfd7 5. f4 c5 6. Nf3 Nc6 7. Be3 a6 8. Qd2 Qb6 9. Na4 Qb4 10.
Qxb4 Nxb4 11. Kd2 b6 12. a3 Nc6 13. Nc3 Be7 14. h4 f6 15. exf6 Nxf6 16. Bd3 cxd4 17.
Nxd4 Nxd4 18. Bxd4 Bc5 19. Ne2 O-O 20. c3 Bb7 21. b4 Bxd4 22. cxd4 Ng4 23. g3 Rf7 24. Rac1 Raf8 25. Rc3 h6 26. h5 Nf2 27. Rhc1 Ne4+ 28.
Bxe4 dxe4 29. Ke3 Rd7 30. Rc7 Rfd8 31. Rxd7 Rxd7 32. g4 Kf7 33. Ng3 a5 34. b5 a4 35.
Nxe4 Bd5 36. Rc8 Ke7 37. Nc3 Bb3 38. Ke4 Bd5+ 39. Ke5 Bf3 40. g5 hxg5 41. fxg5 Bxh5 42. d5 Bg4 43. Rc6 exd5 44. Nxd5+ Kf7 45. g6+ Ke8 46. Rc8+ Rd8 47. Rxd8+ Kxd8 48. Nxb6 Kc7 49. Nxa4 Bh5 50. Kf5 Kb7 51. Nc3 Kb6 52. a4 Be2 53. Ne4 Bd3 54. Ke5 Ka5 55. Nd6 Kxa4 56. b6 Ba6 57. Ke6 Ka5 58. b7 Bxb7 59. Nxb7+ Kb6 60. Kf7 Kc6 61. Kxg7 Kd5 62. Kf7 Ke5 63. g7 Kf5 64. g8=Q Ke5 65. Qg6 Kd4 1-0

[Event "Late-Titled-Tuesday-Blitz-February-06-2024"]
[Site "Chess.com"]
[Date "2024.02.06"]
[Round "6"]
[White "Arystanner"]
[Black "HansOnTwitch"]
[Result "1/2-1/2"]
[WhiteElo "2864"]
[BlackElo "3147"]
[TimeControl "180+1"]
[EndTime "15:07:31 PST"]
[Termination "Game drawn - insufficient material"]

1. e4 c5 2. Nf3 d6 3. Bb5+ Nd7 4.
a4 Nf6 5. Nc3 a6 6. Be2 e6 7. O-O b6 8. d4 cxd4 9. Qxd4 Bb7 10.
Rd1 Qc7 11. Nd2 d5 12. exd5 Nxd5 13. Nxd5 Bxd5 14. c4 Bc6 15. Nf3 e5 16. Qh4 Be7 17. Qg3 O-O-O 18. Be3 g5 19. c5 bxc5 20. Bxa6+ Kb8 21.
Qg4 h5 22. Qc4 g4 23. Ng5 Nb6 24. Qxf7 Bxg5 25. Qxc7+ Kxc7 26. Bxg5 Rxd1+ 27. Rxd1 Nxa4 28. b3 Nc3 29. Rc1 Ne4 30. Be3 Rd8 31. Be2 Rb8 32.
Bc4 h4 33. f3 gxf3 34. gxf3 Nd6 35. Bxc5 Nxc4 36. Rxc4 Rxb3 37. Rxh4 Bxf3 38. Kf2 Kc6 39.
Be3 Bd5 40. Rh8 Rb2+ 41. Ke1 Bf3 42. Bd2 Kd5 43. h4 Ke4 44. h5 Rb1+ 45. Kf2 Rh1 46. h6 Rh2+ 47. Ke1 Rh1+ 48. Kf2 Rh2+ 49. Ke1 Bg4 50.
h7 Bf5 51. Bc3 Ke3 52. Bd2+ Rxd2 53. Re8 Re2+ 54. Kd1 Rd2+ 55. Ke1 Re2+ 56. Kd1 Rh2 57. h8=Q Rxh8 58. Rxh8 e4 59. Ke1 Kf4 60. Rh4+ Bg4 61. Kf2 e3+ 62. Ke1 Kg3 63. Rh8 Bf3 64. Rf8 Kg4 65. Rf6 Kg3 66. Re6 Kf4 67. Re7 Bg4 68.
Rxe3 Kxe3 1/2-1/2

[Event "Late-Titled-Tuesday-Blitz-February-06-2024"]
[Site "Chess.com"]
[Date "2024.02.06"]
[Round "6"]
[White "gahryman"]
[Black "winniethepooh04"]
[Result "1/2-1/2"]
[WhiteElo "2673"]
[BlackElo "2525"]
[TimeControl "180+1"]
[EndTime "15:07:31 PST"]
[Termination "Game drawn by repetition"]

1. e4 e6 2. d4 d5 3. e5 c5 4.
Nf3 Nc6 5. Bd3 Bd7 6. O-O Nge7 7. dxc5 Ng6 8. Bxg6 hxg6 9. Nbd2 Bxc5 10. Nb3 Be7 11.
h3 O-O 12. Bf4 Rc8 13. Qd2 Nb4 14. c3 Na6 15. Bg5 Nc5 16. Nxc5 Rxc5 17. Bxe7 Qxe7 18. Nd4 Rb8 19. Qe3 Rc4 20. Rfd1 a5 21. a3 b5 22. g3 b4 23. cxb4 axb4 24. a4 b3 25. a5 Qb4 26. a6 Ra8 27. Ra3 Ba4 28. a7 Qb6 29. Nf5 Qxe3 30. Nxe3 Rb4 31. Rda1 Rxa7 32. Nf1 Kf8 33.
Nd2 Ra8 34. h4 Ke7 35. Nb1 d4 36. Nd2 f6 37. exf6+ gxf6 38. f4 e5 39. fxe5 fxe5 40. Kf2 Ke6 41. Ke1 Kd5 42. Nxb3 Rab8 43. Rxa4 Rxb3 44.
Ra5+ Ke4 45. Kf1 Rxb2 46. Re1+ Kf3 47. Ra3+ Kg4 48. Re4+ Kh3 49. Rxe5 Rc2 50. Re2 Rf8+ 51. Ke1 Rxe2+ 52. Kxe2 Re8+ 53. Kf2 Re3 54. Ra4 Rxg3 55.
Rxd4 Rg4 56. Rd6 Kxh4 57. Rd8 Ra4 58. Kg2 g5 59. Kh2 Ra2+ 60. Kg1 g4 61. Rd3 Rb2 62. Rc3 Ra2 63. Rd3 Rb2 64. Rc3 g3 65. Rc8 Kh3 66.
Rh8+ Kg4 67. Rg8+ Kf3 68. Rf8+ Kg4 69. Rg8+ Kh3 70. Rh8+ Kg4 71. Rg8+ 1/2-1/2

[Event "Late-Titled-Tuesday-Blitz-February-06-2024"]
[Site "Chess.com"]
[Date "2024.02.06"]
[Round "6"]
[White "CarlosjPineror"]
[Black "Arteler"]
[Result "1-0"]
[WhiteElo "2689"]
[BlackElo "2508"]
[TimeControl "180+1"]
[EndTime "15:07:32 PST"]
[Termination "CarlosjPineror won by resignation"]

1. e4 e6 2. d3 d5 3. Nd2 Nf6 4. Ngf3 Nc6 5. c3 a5 6. a4 dxe4 7. dxe4 e5 8. Qc2 Bc5 9. Bc4 O-O 10. O-O Qe7 11. Re1 Be6 12. Bb5 Ng4 13. Rf1 Na7 14. h3 Nxf2 15. Rxf2 Nxb5 16. axb5 Bxf2+ 17. Kxf2 Qc5+ 18. Kg3 Qxb5 19. c4 Qc5 20. b3 f5 21. Ba3 f4+ 22. Kh2 Qf2 23. Bxf8 Bxh3 24. Rg1 Rxf8 25.
Qc1 Qg3+ 26. Kh1 Be6 27. Qe1 Qg6 28. Qh4 Rf6 29. Ra1 Qe8 30. Kg1 b6 31. Qg5 h6 32.
Qxe5 Qd7 33. Qd4 Qe7 34. Qe5 Qd7 35. Rf1 Bg4 36. Qd5+ Kh7 37. Qxd7 Bxd7 38. Ne5 Be8 39. Ndf3 g5 40. Rd1 Re6 41. Rd8 Kg7 42. Kf2 Kf6 43.
Ng4+ Ke7 44. Rd4 h5 45. Nxg5 hxg4 46. Nxe6 Kxe6 47. Rd5 Bc6 48. Rg5 Bxe4 49. Rxg4 Bc2 50. Rxf4 Bxb3 51. Ke3 a4 52. Kd4 a3 53. Rf1 a2 54.
Kc3 Ba4 55. Ra1 Bc6 56. Rxa2 Ke5 57. Rd2 Kf4 58. Re2 Be4 59. Rf2+ Ke3 60. Rf7 c6 61. g4 b5 62. cxb5 cxb5 63. g5 Bd5 64. Rf6 Ke4 65.
g6 Ke5 66. Rf8 1-0

[Event "Late-Titled-Tuesday-Blitz-February-06-2024"]
[Site "Chess.com"]
[Date "2024.02.06"]
[Round "6"]
[White "aghasiyevkamal"]
[Black "ferdipy"]
[Result "1-0"]
[WhiteElo "2614"]
[BlackElo "2403"]
[TimeControl "180+1"]
[EndTime "15:07:32 PST"]
[Termination "aghasiyevkamal won by checkmate"]

1. d4 e5 2. dxe5 d6 3. Nf3 Nc6 4. e4 Bg4 5. Bb5 dxe5 6. Bxc6+ bxc6 7. Nbd2 Bd6 8. O-O Nf6 9. c3 O-O 10. Qc2 Qd7 11. h3 Bh5 12. Nh4 Bc5 13. Nc4 Qe6 14. b3 a5 15. Be3 Bd6 16. a4 Rfd8 17. f3 Bf8 18. Rad1 Rdb8 19. Nf5 Bg6 20. Ng3 h5 21. Nf5 Ne8 22. g4 hxg4 23. hxg4 Nd6 24. Ncxd6 cxd6 25. c4 Rb4 26. Rd3 Rab8 27. Rfd1 d5 28. cxd5 cxd5 29.
Rxd5 Rc8 30. Qd3 Rcb8 31. Qc3 Rxb3 32. Qxe5 Qxe5 33. Rxe5 f6 34. Re6 Bxf5 35. exf5 Rxe3 36. Rxe3 Bc5 37. Rd3 Re8 38. Kf2 Bxe3+ 39. Rxe3 Rb8 40. Re4 Kf7 41. Ke3 Rb3+ 42. Kf4 Ra3 43. Rd4 Ra1 44.
Ke4 Ra3 45. f4 Ra1 46. g5 fxg5 47. fxg5 Re1+ 48. Kd5 Rf1 49. Ke5 Re1+ 50. Re4 Ra1 51. g6+ Ke7 52. Kf4+ Kd7 53. Rd4+ Ke7 54. Ke5 Re1+ 55.
Re4 Rd1 56. f6+ gxf6+ 57. Kf5+ Kf8 58. Kxf6 Rd6+ 59. Kg5 Rd7 60. Kh6 Kg8 61. Re8# 1-0

[Event "Late-Titled-Tuesday-Blitz-February-06-2024"]
[Site "Chess.com"]
[Date "2024.02.06"]
[Round "6"]
[White "campochess"]
[Black "ljuks68"]
[Result "1/2-1/2"]
[WhiteElo "2116"]
[BlackElo "2426"]
[TimeControl "180+1"]
[EndTime "15:07:33 PST"]
[Termination "Game drawn - insufficient material"]

1. Nf3 d5 2. b3 c5 3. e3 Nc6 4.
Bb5 Bd7 5. Bb2 e6 6. O-O f6 7. Re1 Bd6 8. Bf1 Nge7 9. d3 O-O 10. Nbd2 e5 11. c4 d4 12. Ne4 Bg4 13. h3 Bh5 14.
Be2 Bg6 15. Nxd6 Qxd6 16. exd4 exd4 17. Bf1 Rfe8 18. Qd2 Bh5 19. g4 Bg6 20. Re2 Bf7 21. Rae1 Ng6 22. Bc1 Nge5 23. Nh2 Nb4 24. Re4 Ng6 25. a3 Nc6 26. Bg2 Nce7 27. b4 Rad8 28. bxc5 Qxc5 29. Qb4 b6 30. Rxe7 Rxe7 31. Rxe7 Nxe7 32.
Qa4 Bg6 33. Qxa7 Bxd3 34. Bd2 Bxc4 35. Bb4 Qb5 36. Qxe7 Re8 37. Qc7 Re1+ 38. Nf1 Bxf1 39. Kh2 Bxg2 40. Kxg2 Re8 41. Qd6 d3 42. h4 h6 43. h5 Re5 44. a4 Qd5+ 45. Qxd5+ Rxd5 46. Bd2 Re5 47. Kf3 Re2 48. Be3 Rb2 49. Bf4 Kf7 50. Ke3 Rb3 51. Kd2 Ke6 52. Be3 Kd6 53. f4 Kd5 54. g5 fxg5 55. fxg5 hxg5 56. Bxg5 Kc4 57. h6 Rb2+ 58. Kd1 gxh6 59. Bxh6 Rh2 60. Bf4 Kb3 61. Bxh2 Kxa4 62. Kd2 b5 63. Kxd3 Kb3 64. Be5 b4 65. Bf6 Ka2 66. Kc4 b3 67. Kb4 b2 68.
Bxb2 1/2-1/2

[Event "Late-Titled-Tuesday-Blitz-February-06-2024"]
[Site "Chess.com"]
[Date "2024.02.06"]
[Round "6"]
[White "egnfanclub"]
[Black "subham777"]
[Result "0-1"]
[WhiteElo "2357"]
[BlackElo "2519"]
[TimeControl "180+1"]
[EndTime "15:07:34 PST"]
[Termination "subham777 won by resignation"]

1. e4 e6 2. d4 d5 3. Nc3 Nf6 4. e5 Nfd7 5. Nf3 c5 6. dxc5 Nc6 7. Bf4 a6 8. Bd3 Bxc5 9. O-O h6 10. Bg3 O-O 11. a3 b5 12. Re1 Ba7 13. b4 Bb7 14.
Qd2 Rc8 15. Rad1 Qc7 16. Nb1 Nd4 17. Nxd4 Bxd4 18. Qf4 Bb2 19. Re3 a5 20. Rde1 axb4 21.
axb4 d4 22. R3e2 Nb6 23. Bh4 Nd5 24. Qg4 Kh8 25. Qh5 Nf4 26. Qg4 Nxd3 27. cxd3 Bc3 28. Nxc3 dxc3 29. Rc2 Qc6 30. f4 Qd5 31. Re3 Qb3 32.
Ree2 Qxb4 33. Qh3 Qxf4 34. Be7 Rg8 35. Bd6 Qf5 36. Qg3 Qg6 37. Qf4 Qxd3 38. Rf2 Qg6 39. Qxf7 Qxf7 40. Rxf7 Be4 41. Rc1 c2 42. Ba3 Bd3 43.
Rb7 Rgd8 44. Bd6 Bc4 45. Kf2 Ra8 46. Rxc2 Re8 47. Rd2 Rg8 48. h4 Kh7 49. Kg3 Ra3+ 50. Kg4 Re3 51. g3 Re4+ 52. Kh3 Bd5 53. Kh2 Bxb7 54.
g4 Rxg4 55. Kh3 Re4 56. Kg3 Bd5 57. Rf2 Re3+ 58. Kg4 Re4+ 59. Kg3 b4 60. h5 b3 61. Rf7 Rc4 62. Be7 Rcc8 63. Bf6 Rcf8 0-1

[Event "Late-Titled-Tuesday-Blitz-February-06-2024"]
[Site "Chess.com"]
[Date "2024.02.06"]
[Round "6"]
[White "kekic76"]
[Black "mightysmasher"]
[Result "0-1"]
[WhiteElo "2376"]
[BlackElo "2555"]
[TimeControl "180+1"]
[EndTime "15:07:36 PST"]
[Termination "mightysmasher won by checkmate"]

1. e4 e6 2. d4 d5 3. exd5 exd5 4. Bd3 Nf6 5. Ne2 Bd6 6. Bf4 O-O 7. O-O c6 8. c3 Re8 9. Bxd6 Qxd6 10. Nd2 Bg4 11. f3 Bh5 12. Ng3 Bg6 13. Qc2 Nbd7 14. Rae1 a5 15.
Nf5 Qf8 16. g4 a4 17. h4 h5 18. g5 Nh7 19. Ng3 Qd6 20. Kg2 Nhf8 21. Rxe8 Rxe8 22. f4 Bxd3 23. Qxd3 Ng6 24. Nxh5 Nxh4+ 25. Kg3 Ng6 26. Nf3 Re4 27. Ne5 Ngxe5 28. dxe5 Qg6 29. Rh1 Nxe5 30. Qd1 Nd7 31. Qg4 Re3+ 32. Kh4 Qe6 33. Qxe6 fxe6 34. Rh2 Re4 35. Kg3 Nc5 36. Kf3 Nd3 37.
Rd2 Nc5 38. Ng3 Rc4 39. a3 Ne4 40. Re2 Nxg3 41. Kxg3 Kf7 42. Rh2 Kg6 43. Rh8 Re4 44.
Rb8 b5 45. Rc8 Rc4 46. Rb8 e5 47. fxe5 Kxg5 48. Rb7 Kf5 49. Rxg7 Kxe5 50. Kf3 Rh4 51. Rg5+ Kd6 52. Rg2 Kc5 53. Ke3 Kc4 54. Kd2 d4 55.
cxd4 Rxd4+ 56. Kc2 c5 57. Rf2 b4 58. axb4 cxb4 59. Rf8 b3+ 60. Kc1 Kd3 61. Rf3+ Ke2 62. Rf8 Rd1# 0-1

[Event "Late-Titled-Tuesday-Blitz-February-06-2024"]
[Site "Chess.com"]
[Date "2024.02.06"]
[Round "6"]
[White "Witik"]
[Black "Petukhov_Dmitry"]
[Result "1-0"]
[WhiteElo "2754"]
[BlackElo "2547"]
[TimeControl "180+1"]
[EndTime "15:07:37 PST"]
[Termination "Witik won on time"]

1. d4 Nf6 2. c4 g6 3. g3 Bg7 4.
Bg2 O-O 5. Nc3 c6 6. e4 d5 7. cxd5 cxd5 8. e5 Ne4 9. Nge2 Nc6 10. O-O Nxc3 11. Nxc3 e6 12. Be3 b6 13. Qd2 Ba6 14.
Rfd1 Na5 15. b3 Rc8 16. Ne2 Qe7 17. h4 Qa3 18. h5 Rc7 19. h6 Bh8 20. Bg5 Rfc8 21.
Bf1 Rc2 22. Qe3 Rxa2 23. Rxa2 Qxa2 24. Nc3 Qxb3 25. Bxa6 Rxc3 26. Qe1 Nc4 27. Rb1 Qc2 28. Rc1 Qa4 29. Qxc3 Qxa6 30. Qb4 Qb7 31. Qb5 Qc8 32. Ra1 a5 33. Be7 f6 34. exf6 Kf7 35. Rc1 Bxf6 36. Bxf6 Kxf6 37. Qb3 Kg5 38. Kg2 Kxh6 39. Rh1+ Kg7 40.
Qf3 Qd7 41. Qf4 h5 42. Qg5 Qf7 43. Rxh5 Qf6 44. Qh6+ Kf7 45. Qh7+ Qg7 46. Rh1 a4 47.
Qh4 Qf6 48. Qh7+ Qg7 49. Qh4 Qf6 50. Qg4 Kg7 51. Rh4 Qf5 52. Qd1 a3 53. Rf4 Qh5 54.
Qb3 Qe2 55. Qb4 Ne3+ 56. Kg1 1-0

[Event "Late-Titled-Tuesday-Blitz-February-06-2024"]
[Site "Chess.com"]
[Date "2024.02.06"]
[Round "6"]
[White "JackRodgers"]
[Black "kingofthenil"]
[Result "0-1"]
[WhiteElo "2510"]
[BlackElo "2680"]
[TimeControl "180+1"]
[EndTime "15:07:37 PST"]
[Termination "kingofthenil won by checkmate"]

1. d4 Nf6 2. Bg5 c5 3. d5 Ne4 4. Bf4 c4 5. f3 Nf6 6. e4 Qb6 7.
Bxc4 Qxb2 8. Nd2 d6 9. Rb1 Qa3 10. Ne2 g6 11. O-O Bg7 12. Rb3 Qc5+ 13. Be3 Qc7 14.
Nd4 a6 15. a4 Nbd7 16. Rb1 O-O 17. Qe1 Nc5 18. Bb3 Bd7 19. Ra1 b5 20. axb5 axb5 21.
Qh4 h5 22. h3 Nxb3 23. N2xb3 Qc3 24. Qe1 Qxe1 25. Rfxe1 Ra4 26. Kf2 Rc8 27. Ke2 h4 28.
Kd3 Be8 29. Rxa4 bxa4 30. Na5 Nd7 31. Ndc6 Ne5+ 32. Nxe5 Bxe5 33. c4 Rb8 34. Bd4 Bxd4 35. Kxd4 Rb2 36. Nc6 Kf8 37. Ra1 e5+ 38. Ke3 Rb3+ 39.
Kd2 a3 40. Kc2 Rb2+ 41. Kc3 Rxg2 42. Rxa3 Rg3 43. Ra8 Rxf3+ 44. Kb4 Rxh3 45. c5 dxc5+ 46. Kxc5 Rc3+ 47. Kd6 h3 48. Nxe5 h2 49. Ra1 Rg3 50. Rh1 f6 51. Rxh2 fxe5 52. Kxe5 Ke7 53. Rh7+ Bf7 54. d6+ Kf8 55. d7 Rd3 56. Kf6 Rd6+ 57.
Kg5 Kg8 58. Rh1 Rxd7 59. e5 Kg7 60. Re1 Be6 61. Ra1 Rf7 62. Ra5 Rf5+ 63. Kh4 Rf4+ 64. Kg5 Rg4# 0-1

[Event "Late-Titled-Tuesday-Blitz-February-06-2024"]
[Site "Chess.com"]
[Date "2024.02.06"]
[Round "6"]
[White "Quattroporte300"]
[Black "AmanteDeMoi"]
[Result "0-1"]
[WhiteElo "2388"]
[BlackElo "2594"]
[TimeControl "180+1"]
[EndTime "15:07:38 PST"]
[Termination "AmanteDeMoi won by checkmate"]

1. e4 g6 2. d4 Bg7 3. Nf3 c6 4. Nc3 d5 5. h3 dxe4 6. Nxe4 Nd7 7. Bc4 Ngf6 8. Nxf6+ Nxf6 9. O-O O-O 10. c3 Qc7 11.
Re1 c5 12. d5 Rd8 13. a4 Nxd5 14. Bxd5 e6 15. c4 exd5 16. cxd5 Be6 17. Be3 Bxb2 18. Rb1 Rxd5 19. Qc2 Bf6 20. Rec1 b6 21. Qe2 Re8 22.
Qb5 Bd7 23. Qb3 Bc6 24. a5 Rf5 25. axb6 axb6 26. Qxb6 Qxb6 27. Rxb6 Bxf3 28. gxf3 Bd4 29. Bxd4 cxd4 30. Rd6 Rxf3 31. Kg2 Rd3 32. Rc4 Re4 33. Rd7 Rf4 34. Ra4 h5 35. Kf1 h4 36. Ke2 Rdf3 37.
Raxd4 Rxf2+ 38. Ke1 Rf1+ 39. Ke2 R4f2+ 40. Ke3 Rf3+ 41.
Ke2 R1f2+ 42. Ke1 Rh2 43. Rxh4 Rfxh3 44. Rxh3 Rxh3 45. Kf2 Kg7 46. Kg2 Ra3 47. Rb7 g5 48.
Rb5 Kg6 49. Rb6+ f6 50. Rc6 g4 51. Rc4 Kg5 52. Rc5+ f5 53. Rb5 Ra2+ 54. Kg1 Kf4 55. Rb4+ Kg3 56. Rb3+ Kh4 57. Rb8 Kh3 58. Rb3+ g3 59. Rb1 f4 60. Kh1 Rh2+ 61. Kg1 f3 62. Rf1 f2+ 63. Rxf2 Rxf2 64. Kh1 Rf1# 0-1

[Event "Late-Titled-Tuesday-Blitz-February-06-2024"]
[Site "Chess.com"]
[Date "2024.02.06"]
[Round "6"]
[White "rionelG"]
[Black "WilsonPalencia21"]
[Result "0-1"]
[WhiteElo "2237"]
[BlackElo "2595"]
[TimeControl "180+1"]
[EndTime "15:07:38 PST"]
[Termination "WilsonPalencia21 won on time"]

1. e4 c5 2. Nf3 d6 3. d4 cxd4 4. Nxd4 Nf6 5. Nc3 g6 6. Bg5 Bg7 7. Qd2 h6 8. Bh4 Nbd7 9. Be2 O-O 10. O-O a6 11. Kh1 Qa5 12. Nb3 Qc7 13. f4 b5 14. a3 Bb7 15. Bf3 Nb6 16. Na5 Nc4 17. Nxc4 bxc4 18. Qe2 Nh7 19. e5 dxe5 20. fxe5 Bxf3 21.
Qxf3 e6 22. Bf6 Rab8 23. Rab1 Qb7 24. Ne4 c3 25. Bxg7 Kxg7 26. Nxc3 Qxf3 27. Rxf3 Rfc8 28. h4 g5 29. g3 Nf8 30. Rbf1 Rc7 31. b3 gxh4 32.
gxh4 Ng6 33. Rg1 h5 34. Rg5 Rbc8 35. Ne4 Rxc2 36. Nd6 Rc1+ 37. Kg2 R8c2+ 38. Kg3 Rg1+ 39. Kh3 Rxg5 40. hxg5 Nxe5 41. Re3 Ng4 42. Rd3 Rh2+ 43. Kg3 Ra2 44. a4 Kg6 45. Ne4 Re2 46. Rd4 Rc2 47.
Rb4 Ne5 48. Rb6 Nd7 49. Rxa6 Nc5 50. Nxc5 Rxc5 51. b4 Rc3+ 52. Kf4 Rc4+ 53. Ke3 Rxb4 54. Ra8 Rb3+ 55. Kd4 Kxg5 56. a5 Kf4 57. Kc4 Rb1 58.
a6 f5 0-1

[Event "Late-Titled-Tuesday-Blitz-February-06-2024"]
[Site "Chess.com"]
[Date "2024.02.06"]
[Round "6"]
[White "Ze-Pequeno"]
[Black "Veleamater"]
[Result "0-1"]
[WhiteElo "2125"]
[BlackElo "2331"]
[TimeControl "180+1"]
[EndTime "15:07:38 PST"]
[Termination "Veleamater won on time"]

1. e4 d6 2. d4 g6 3. c4 Bg7 4. Nf3 Nf6 5. Nc3 O-O 6. Be2 Nc6 7. d5 Ne5 8. Nxe5 dxe5 9. O-O Ne8 10. Be3 h6 11. Qd2 Kh7 12. c5 f5 13. f3 f4 14. Bf2 g5 15. h3 Rf6 16. Rfc1 Rg6 17.
Kf1 h5 18. Qd1 Nf6 19. Rc2 g4 20. hxg4 hxg4 21. Rd2 g3 22. Bg1 Nh5 23. Bc4 b6 24. b4 Bd7 25. a3 Rh6 26. a4 Bf8 27.
a5 Rb8 28. axb6 axb6 29. c6 Bc8 30. Nb5 Nf6 31. Ra7 Ne8 32. Qa1 e6 33. Qxe5 Bg7 34.
Qxf4 exd5 35. Bxd5 Qe7 36. Qe3 Rh1 37. f4 Qxb4 38. Qd3 Qc5 39. Ke2 Rxg1 40. Kf3 Qe7 41. Kxg3 Rh1 42. Kf2 Qh4+ 43. Ke3 Re1+ 44. Re2 Qg3+ 45.
Kd2 Qxd3+ 46. Kxd3 Rxe2 47. Kxe2 Bg4+ 48. Ke3 Rc8 49. e5 Kg6 50. Be4+ Bf5 51. Bd5 Rd8 52. Bf3 Rd3+ 53. Ke2 Rb3 54. Nxc7 Nxc7 55. Rxc7 Rb2+ 56.
Ke3 b5 57. g4 Bb1 58. f5+ Kh6 59. f6 Bf8 60. Rc8 Bc5+ 61. Kf4 Rb4+ 62. Kg3 Bd4 63. Re8 Rb3 64. f7 Bc5 65. c7 Be4 66.
f8=Q+ Bxf8 0-1

[Event "Late-Titled-Tuesday-Blitz-February-06-2024"]
[Site "Chess.com"]
[Date "2024.02.06"]
[Round "6"]
[White "JonasGallasch"]
[Black "ozates"]
[Result "1-0"]
[WhiteElo "2424"]
[BlackElo "2603"]
[TimeControl "180+1"]
[EndTime "15:07:39 PST"]
[Termination "JonasGallasch won by checkmate"]

1. d4 Nf6 2. c4 g6 3. Nc3 Bg7 4. Nf3 O-O 5. g3 d6 6. Bg2 c5 7.
O-O Nc6 8. dxc5 dxc5 9. Be3 Nd7 10. Qd2 a6 11. Rfd1 Rb8 12. Ne1 Nd4 13. Nc2 e5 14.
Bg5 f6 15. Be3 b5 16. cxb5 axb5 17. b4 Nxc2 18. Qxc2 cxb4 19. Qb3+ Kh8 20. Qxb4 f5 21. Bc5 Re8 22. Bd6 Rb6 23. Nd5 Rxd6 24. Qxd6 Bf8 25. Qc7 e4 26. Qxd8 Rxd8 27. Nc7 Bg7 28. Rab1 Rf8 29.
Ne6 Rf6 30. Nxg7 Kxg7 31. Rbc1 Nb6 32. Rc7+ Rf7 33. Rc6 Rb7 34. Rd8 Bd7 35. Rxb6 Rxb6 36. Rxd7+ Kf6 37. e3 b4 38. Bf1 h5 39.
Bc4 Kg5 40. Bb3 Rc6 41. Kg2 h4 42. Rd4 Rb6 43. f3 h3+ 44. Kf2 exf3 45. Kxf3 Rb8 46. Rd6 Rc8 47. Bf7 Kh6 48. Rxg6+ Kh7 49. Rb6 Rc2 50.
Rxb4 Rxh2 51. Be6 Kg6 52. Rf4 Rh1 53. Bxf5+ Kg5 54. e4 h2 55. Kg2 Ra1 56. Kxh2 Rxa2+ 57. Kh3 Ra1 58. Rg4+ Kh5 59. Rh4+ Kg5 60. Rg4+ Kh5 61.
Rg7 Rh1+ 62. Kg2 Ra1 63. Kf3 Ra3+ 64. Kf4 Rf3+ 65. Kxf3 Kh6 66. Rg8 Kh5 67. Kf4 Kh6 68.
e5 Kh5 69. Rg7 Kh6 70. Rh7# 1-0

[Event "Late-Titled-Tuesday-Blitz-February-06-2024"]
[Site "Chess.com"]
[Date "2024.02.06"]
[Round "6"]
[White "dmitrijiIM"]
[Black "GeorgiosSouleidis"]
[Result "1-0"]
[WhiteElo "2927"]
[BlackElo "2691"]
[TimeControl "180+1"]
[EndTime "15:07:40 PST"]
[Termination "dmitrijiIM won on time"]

1. d4 Nf6 2. c4 g6 3. Nc3 Bg7 4. e4 d6 5. Nf3 O-O 6. Be2 e5 7. O-O Bg4 8. d5 a5 9. Be3 Na6 10. Nd2 Bd7 11. a3 h5 12. h3 Nh7 13.
Rb1 Nc5 14. b4 axb4 15. axb4 Na4 16. Nxa4 Bxa4 17. Qc1 f5 18. f3 Bd7 19. c5 Bf6 20.
Nc4 Bb5 21. Qd2 Bxc4 22. Bxc4 Bg5 23. Ra1 Qe7 24. b5 b6 25. cxb6 cxb6 26. Ra6 fxe4 27. fxe4 Rxf1+ 28. Bxf1 Rb8 29. Qf2 Bxe3 30. Qxe3 Qg5 31. Qxg5 Nxg5 32. Bd3 h4 33. Kf2 Kf7 34. Ke3 Rb7 35. Be2 Kf6 36. Ra8 Nf7 37. Rc8 Ra7 38. Rb8 Ra3+ 39. Bd3 Ra2 40. Rxb6 Rxg2 41. Rc6 Rb2 42.
b6 g5 43. Be2 Rb3+ 44. Kd2 Rxh3 45. Bd3 Rh2+ 46. Kc3 Nd8 47. Rxd6+ Ke7 48. Rg6 Rg2 49.
Rh6 Rg3 50. Kd2 h3 51. d6+ Kd7 52. Bb5+ Kc8 53. Rh7 Rg2+ 54. Kc3 h2 55. Ba6+ Kb8 56. Rc7 Nb7 57. Rxb7+ Ka8 58. Rc7 1-0

[Event "Late-Titled-Tuesday-Blitz-February-06-2024"]
[Site "Chess.com"]
[Date "2024.02.06"]
[Round "6"]
[White "el008"]
[Black "Chempiblinka"]
[Result "1-0"]
[WhiteElo "2543"]
[BlackElo "2350"]
[TimeControl "180+1"]
[EndTime "15:07:41 PST"]
[Termination "el008 won by resignation"]

1. Nf3 Nf6 2. b3 g6 3. Bb2 Bg7 4. g3 O-O 5. c4 c5 6. Bg2 Nc6 7. O-O d6 8. d4 cxd4 9. Nxd4 Bd7 10. Nc3 Nxd4 11. Qxd4 Bc6 12. Nd5 Ne8 13. Qd2 Bxb2 14. Qxb2 Nc7 15. Ne3 Bxg2 16. Ng4 f6 17. Kxg2 Qd7 18.
Ne3 Rac8 19. Rad1 Qe6 20. Qd4 a6 21. Qb6 Qe4+ 22. Kg1 Qc6 23. Qd4 Ne6 24. Qg4 Ng5 25. h4 h5 26. Nd5 hxg4 27. Nxe7+ Kf7 28. Nxc6 Nh3+ 29. Kg2 Rxc6 30. f3 Re8 31. Rd2 gxf3+ 32. Rxf3 b5 33. cxb5 axb5 34. Kxh3 Re4 35. Rfd3 Ke6 36.
Rd5 Rb6 37. R5d3 f5 38. Kg2 Ke5 39. Kf3 Ke6 40. Rd1 b4 41. Rh1 Ra6 42. Rd2 Re5 43.
h5 gxh5 44. Rxh5 Rea5 45. Rh6+ Ke7 46. Rh4 Rxa2 47. Rxa2 Rxa2 48. Rxb4 Rb2 49. e3 Ke6 50. Rb5 Kf6 51. e4 fxe4+ 52. Kxe4 Ke6 53. g4 Rg2 54. Kf3 Rb2 55. g5 Rb1 56. Kg4 Rg1+ 57. Kh5 Kf7 58. Rb7+ Ke6 59. Kh6 d5 60. g6 d4 61. g7 d3 62. Rb4 d2 63. Rd4 Rh1+ 64. Kg6 Rg1+ 65. Kh7 Rh1+ 66. Kg6 Rg1+ 67. Kh6 Rh1+ 68. Kg5 Rg1+ 69.
Kf4 Rxg7 70. Rxd2 Rb7 71. Rd3 Rb4+ 72. Ke3 Ke5 73. Kd2 Ke4 74. Kc2 Rb8 75. Rd7 Rb4 76. Kc3 Rb8 77. b4 Rc8+ 78. Kb3 Ke5 79. b5 Ke6 80. Rd3 Ke5 81. Kb4 Ke4 82. Rd7 Ke5 83.
b6 Rc1 84. Kb5 Rb1+ 85. Ka6 Ke6 86. Rd2 Ke7 87. b7 Ke6 88. Ka7 Ra1+ 89. Kb8 Rb1 90. Rd4 Rb2 91. Ka7 Ra2+ 92. Kb6 Rb2+ 93. Ka6 Ra2+ 94.
Kb5 Rb2+ 95. Rb4 1-0

[Event "Late-Titled-Tuesday-Blitz-February-06-2024"]
[Site "Chess.com"]
[Date "2024.02.06"]
[Round "6"]
[White "chenxiaoyuer"]
[Black "tptagain"]
[Result "0-1"]
[WhiteElo "2759"]
[BlackElo "2950"]
[TimeControl "180+1"]
[EndTime "15:07:42 PST"]
[Termination "tptagain won by checkmate"]

1. e4 c6 2. d4 d5 3. Nd2 g6 4. Ngf3 Bg7 5. h3 Nh6 6. Bd3 O-O 7. O-O f6 8. Re1 Nf7 9. c4 e6 10. b3 Re8 11. Bb2 a5 12. Rc1 Na6 13. a3 dxe4 14.
Nxe4 f5 15. Ng3 c5 16. Bc2 b6 17. Ne5 Nxe5 18. dxe5 Bb7 19. Qxd8 Raxd8 20. Rcd1 Nb8 21. Ne2 g5 22. Nc3 Rxd1 23. Bxd1 Bc6 24. g3 Rd8 25. Kf1 Kf7 26. Bh5+ Ke7 27. Ke2 Bxe5 28. Nd1 Bxb2 29. Nxb2 Kf6 30. Nd3 Rd6 31. b4 axb4 32. axb4 Be4 33.
Nc1 cxb4 34. Bf3 Bc2 35. Ke3 Na6 36. h4 g4 37. Be2 b3 38. Nd3 Nc5 39. Nb2 Be4 40. Ra1 Bc2 41. Ra8 h6 42. Rf8+ Kg7 43.
Re8 Be4 44. Rb8 Kf6 45. Rc8 Rd7 46. Rf8+ Kg7 47. Rb8 Rb7 48. Rd8 Ra7 49. Rb8 Ra2 50. Nd1 Ra6 51. Nc3 b2 52. Bd1 b1=Q 53. Nxb1 Bxb1 54. Be2 Be4 55. Rd8 Kf6 56. Rf8+ Ke5 57. Rh8 Ra3+ 58. Kd2 Ra2+ 59. Ke3 Ra3+ 60. Kd2 Bd3 61.
Bd1 Ne4+ 62. Ke1 Ra1 63. Rd8 Bc2 64. Rd7 Rxd1+ 65. Rxd1 Bxd1 66. Kxd1 Nxf2+ 67. Ke2 Ne4 68. Ke3 Nxg3 69. Kd3 f4 70. Kc2 Ne4 71. Kb3 Nc5+ 72. Kb4 Kd6 73. Kb5 Kc7 74. Kb4 f3 75. Ka3 f2 76. Kb4 f1=Q 77. Ka3 Qa1+ 78. Kb4 Qb2# 0-1